 Dungeon Crawl Stone Soup version 0.30-a0-6-g7c9e10e132 (webtiles) character file.

Game seed: 10100882708741369861

914 Zeldest the Trooper (level 8, -1/111 HPs)
             Began as a Naga Transmuter on Aug 22, 2022.
             Was a Believer of Cheibriados.
             Slain by Pikel
             ... wielding a +0 whip of electrocution
              (13 damage)
             ... on level 6 of the Dungeon.
             The game lasted 00:18:40 (2400 turns).

Zeldest the Trooper (Naga Transmuter)               Turns: 2400, Time: 00:18:40

Health: -1/111     AC: 28    Str: 23    XL:     8   Next: 9%
Magic:  10/11      EV:  1    Int: 21    God:    Cheibriados [**....]
Gold:   91         SH:  0    Dex: 25    Spells: 8/11 levels left

rFire   + . .      SeeInvis +    t - +5 hammer "Omauch" {holy, rF+ Str+4 Dex+7}
rCold   . . .      Faith    +    (no shield)
rNeg    . . .      Spirit   .    (body armour currently unavailable)
rPois   +          Reflect  .    (helmet currently unavailable)
rElec   .          Harm     .    (cloak currently unavailable)
rCorr   .          Rampage  .    (gloves currently unavailable)
Will    +....      NoTele   +    (no barding)
Stlth   ++........               p - amulet of faith
HPRegen 0.28/turn                h - +4 ring of protection
MPRegen 0.12/turn                (no ring)

@: tree-form, wereblooded, very slow
A: stationary, stasis, torment immunity, boosted hp, AC +2, large, see
invisible, (deformed body), (poison resistance), (slowness 2), spit poison 1,
(naga tail 1)
a: Spit Poison, Renounce Religion, Bend Time


You were on level 6 of the Dungeon.
You worshipped Cheibriados.
Cheibriados was pleased with you.
You were a tree.
You visited 1 branch of the dungeon, and saw 6 of its levels.

You collected 149 gold pieces.
You spent 58 gold pieces at shops.

Inventory:

Hand Weapons
 t - the +5 hammer "Omauch" (weapon) {holy, rF+ Str+4 Dex+7}
   (You found it on level 3 of the Dungeon)

   It has been blessed by the Shining One to cause great damage to the undead
   and demons.
   Str:       It affects your strength (+4).
   Dex:       It affects your dexterity (+7).
   rF:        It protects you from fire.
Missiles
 e - 3 poisoned darts
 m - 6 curare-tipped darts
 x - 2 boomerangs
 y - a silver javelin
Armour
 d - a +0 pair of gloves (melded)
 v - a +0 tower shield
 w - a +0 ring mail of cold resistance (melded)
Jewellery
 b - a ring of fire
 h - a +4 ring of protection (left branch)
 o - a ring of ice
 p - an amulet of faith (around neck)
Wands
 B - a wand of flame (13)
Scrolls
 a - a scroll of vulnerability {unknown}
 c - a scroll of brand weapon {unknown}
 f - a scroll of enchant weapon {unknown}
 i - 2 scrolls of teleportation {unknown}
 k - 4 scrolls of identify {unknown}
 l - 2 scrolls of immolation {unknown}
 z - a scroll of fog {unknown}
Potions
 g - a potion of resistance {unknown}
 n - a potion of berserk rage {unknown}
 q - 2 potions of degeneration {unknown}
 r - 2 potions of brilliance {unknown}
 s - a potion of attraction {unknown}
 u - 2 potions of flight {unknown}
 A - a potion of invisibility {unknown}


   Skills:
 + Level 5.2 Fighting
 - Level 1.4 Throwing
 - Level 1.5 Dodging
 + Level 3.3 Shields
 - Level 3.8 Unarmed Combat
 - Level 2.0 Spellcasting
 - Level 4.1 Transmutations
 + Level 3.6 Invocations


You had 8 spell levels left.
You knew the following spells:

 Your Spells              Type           Power      Damage    Failure   Level
a - Beastly Appendage     Tmut           38%        N/A       2%          1
b - Wereblood             Tmut           19%        N/A       4%          2

Your spell library contained the following spells:

 Spells                   Type           Power      Damage    Failure   Level
 Spider Form              Tmut/Pois      10%        N/A       19%         3
 Ice Form                 Ice/Tmut       10%        N/A       54%         4


Dungeon Overview and Level Annotations

Branches:
Dungeon (6/15)             Temple (0/1) D:4

Altars:
Ashenzari
Cheibriados
Elyvilon
Vehumet

Shops:
D:2 :[*!   D:4 *   D:5 *(

Annotations:
D:6 Pikel


Innate Abilities, Weirdness & Mutations

You are a tree.
Your roots penetrate the ground, keeping you stationary.
You cannot be teleported.
You are immune to unholy pain and torment.
Your maximum health is greatly increased.
Your equipment is partially melded.
((Your serpentine skin is tough. (AC +2)))
You have supernaturally acute eyesight. (SInv)
((Armour fits poorly on your strangely shaped body.))
((Your system is resistant to poisons. (rPois)))
((You cover ground very slowly.))
You can spit poison.
((You have a snake-like lower body.))


Message History

Aim: Pikel, wielding a +0 whip of electrocution and wearing a +0 robe (lightly wounded, 55% to hit)
The splash of poison hits Pikel!
Pikel is poisoned.
Pikel is moderately wounded.
Your transformation is almost over.
Pikel misses you.
Really quaff the potion of lignification?
Your horns disappear.
You turn into a tree.
Your +0 pair of gloves melds into your body.
Your +0 ring mail of cold resistance melds into your body.
You feel less resistant to cold.
Your roots penetrate the ground.
The ogre shouts!
You hear a shout!
The lemure hits you but does no damage.
Pikel hits you with a +0 whip of electrocution.
You are electrocuted!!
* * * LOW HITPOINT WARNING * * *
The lemure hits you but does no damage.
You hit Pikel but do no damage.
Pikel is moderately wounded.
The lemure hits you but does no damage. Pikel hits you but does no damage.
The lemure hits you but does no damage.
Okay, then.
You hit Pikel.
Pikel is heavily wounded.
The lemure hits you but does no damage.
Pikel hits you with a +0 whip of electrocution.
* * * LOW HITPOINT WARNING * * *
The lemure hits you.
* * * LOW HITPOINT WARNING * * *
You sock Pikel!
Pikel is severely wounded.
You have got your breath back.
The lemure hits you but does no damage.
Pikel hits you with a +0 whip of electrocution.
* * * LOW HITPOINT WARNING * * *
The lemure hits you.
* * * LOW HITPOINT WARNING * * *
The lemure hits you but does no damage. x2; Pikel hits you but does no damage.
You are electrocuted!
You die...

# . .## ... #. $#####...
...##.###........
..............#..
.....#..........#
......>!..#.....
........5...#
#......OK♣..# .. ...
#).....<.5.## .#5 5
...........# .#.K
..#............. ...##.#
#......[.......
.#5...##................
....?.....?.............
.....# .................
...# .................


You could see Pikel (poisoned), an ogre and 2 lemures.

Vanquished Creatures
  A black bear (D:5)
  An ogre (D:4)
  2 lemures (D:6)
  A necrophage (D:4)
  2 scorpions
  Crazy Yiuf (D:3)
  5 hounds
  A gnoll bouda (D:5)
  A jelly (D:4)
  2 orc priests
  2 orc wizards (D:4)
  3 gnolls (D:5)
  8 adders
  2 ufetubi
  A worm (D:3)
  13 orcs
  8 endoplasms
  A giant cockroach (D:3)
  8 goblins
  7 hobgoblins
  7 jackals
  6 quokkas
  5 ball pythons
  6 bats
  2 frilled lizards
  5 kobolds
  2 rats
103 creatures vanquished.

Notes
Turn   | Place    | Note
-------+----------+-------------------------------------------
     0 | D:1      | Zeldest the Naga Transmuter began the quest for the Orb.
     0 | D:1      | Reached XP level 1. HP: 18/18 MP: 3/3
    55 | D:1      | Reached XP level 2. HP: 12/25 MP: 5/5
    84 | D:1      | Found a faded altar of an unknown god.
    84 | D:1      | Noticed a soul eater
   478 | D:2      | Reached XP level 3. HP: 22/32 MP: 4/6
   508 | D:2      | Found Baicinou's Distillery.
   576 | D:2      | Found a broken altar of Ashenzari.
   582 | D:2      | Found Goces's Armour Shoppe.
   591 | D:2      | Found Lowyom's Book Shop.
   642 | D:2      | Found Ikhumuep's General Store.
   657 | D:2      | Reached skill level 2 in Fighting
   829 | D:3      | Reached XP level 4. HP: 39/39 MP: 5/7
   939 | D:3      | Learned a level 2 spell: Wereblood
  1224 | D:3      | Identified the +5 hammer "Omauch" {holy, rF+ Str+4 Dex+7}
  1231 | D:3      | Found a runed translucent door.
  1232 | D:3      | Noticed Crazy Yiuf
  1244 | D:3      | Killed Crazy Yiuf
  1245 | D:3      | Reached XP level 5. HP: 30/48 MP: 6/8
  1289 | D:4      | Noticed an ogre
  1293 | D:4      | Found a white marble altar of Elyvilon.
  1296 | D:4      | Killed an ogre
  1297 | D:4      | Reached skill level 3 in Fighting
  1297 | D:4      | Reached skill level 1 in Throwing
  1446 | D:4      | Reached XP level 6. HP: 49/56 MP: 9/9
  1468 | D:4      | Found Kacwebur's Mass Market.
  1475 | D:4      | Bought a +0 tower shield for 58 gold pieces
  1479 | D:4      | Found a radiant altar of Vehumet.
  1479 | D:4      | Found a snail-covered altar of Cheibriados.
  1491 | D:4      | Became a worshipper of Cheibriados the Contemplative
  1514 | D:4      | Reached skill level 1 in Shields
  1526 | D:4      | Reached skill level 4 in Fighting
  1526 | D:4      | Reached skill level 1 in Invocations
  1549 | D:4      | Found a staircase to the Ecumenical Temple.
  1609 | D:4      | Reached XP level 7. HP: 60/64 MP: 10/10
  1640 | D:4      | Reached * piety under Cheibriados
  1872 | D:5      | Entered Level 5 of the Dungeon
  1921 | D:5      | Reached ** piety under Cheibriados
  1946 | D:5      | Found Naih's General Store.
  1999 | D:5      | Found Xiwu's Firing Range.
  2183 | D:5      | Reached skill level 5 in Fighting
  2281 | D:5      | Reached XP level 8. HP: 60/74 MP: 11/11
  2339 | D:5      | Noticed a yak
  2351 | D:6      | Noticed Pikel
  2400 | D:6      | Slain by Pikel

Illustrated notes

Levels and vault maps discovered:
D:1:      minmay_arrival_checkered_box, layout_loops_corners,
          dreamdust_ecumenical_altar_sealed_demon
D:2:      layout_rooms, basic_altar, serial_shops, nicolae_shop_crystal, shop,
          nicolae_shop_trees, shop, nicolae_shop_window_shopping, moated_statue,
          minivault_14
D:3:      layout_loops_ring, uniq_crazy_yiuf_cottage
D:4:      layout_basic, elyvilon_altar_5, minitemple, temple_doors_cd,
          minmay_shop_mass
D:5:      layout_loops_cross, serial_shops,
          nicolae_shop_temple_entry_statues_fountains, minmay_statues_item,
          nicolae_shop_firing_range
D:6:      layout_cave_pools, doesnt_shop_hydraphobe, uniq_pikel,
          uniq_blork_the_orc

Skill      XL: |  1  2  3  4  5  6  7 |
---------------+----------------------+-----
Fighting       | 2 3 4 5 |  5.2
Transmutations | 3 4 |  4.1
Throwing       | 1 |  1.4
Shields        | 1 3 |  3.3
Invocations    | 1 3 |  3.6
Dodging        | |  1.5
Unarmed Combat | |  3.8
Spellcasting   | |  2.0

Action                   |  1- 3 |  4- 6 |  7- 9 || total
-------------------------+-------+-------+-------++-------
Melee: Unarmed           |   100 |    45 |       ||   145
       Headbutt          |    12 |     9 |     4 ||    25
       Punch             |     2 |     4 |     2 ||     8
       Mace              |       |    51 |    99 ||   150
Throw: Dart              |       |     1 |       ||     1
 Cast: Beastly Appendage |    18 |     7 |     3 ||    28
       Wereblood         |       |     1 |     3 ||     4
 Abil: Spit Poison       |     9 |    11 |     9 ||    29
Evoke: Wand              |       |     4 |     3 ||     7
  Use: Potion            |     1 |       |     1 ||     2
 Stab: Paralysed         |       |     2 |       ||     2
       Distracted        |       |     1 |       ||     1
       Sleeping          |       |     1 |       ||     1
Armor: Robe              |    45 |    41 |    12 ||    98
       Skin              |     3 |       |    10 ||    13
       Ring mail         |       |       |    63 ||    63
Dodge: Dodged            |    62 |    58 |    93 ||   213

Table legend: (Time is in decaauts)
 A = Elapsed time spent in this place.
 B = Non-inter-level travel time spent in this place.
 C = Inter-level travel time spent in this place.
 D = Time resting spent in this place.
 E = Time spent auto-exploring this place.
 F = Levels seen in this place.
 G = Mean time per level.
                   A        B        C        D        E       F      G
               +--------+--------+--------+--------+--------+-----+--------+
         Total |   3631 |   3399 |    232 |     26 |      0 |   6 |  605.2 |
       Dungeon |   3631 |   3399 |    232 |     26 |      0 |   6 |  605.2 |
               +--------+--------+--------+--------+--------+-----+--------+

Top non-repeatable levels by time:
     D:3: 873 daAuts
     D:5: 826 daAuts
     D:4: 818 daAuts
     D:1: 579 daAuts
     D:2: 486 daAuts
     D:6: 46 daAuts
